 Dungeon Crawl Stone Soup version 0.25.0-9-g26727b657a (webtiles) character file.

Game seed: 3787173754932649473

107 Exodus22XD the Poker (level 4, -2/33 HPs)
             Began as a Demonspawn Gladiator on June 21, 2020.
             Slain by Crazy Yiuf
             ... wielding a +3 quarterstaff of chaos
              (20 damage)
             ... on level 2 of the Dungeon.
             The game lasted 00:02:29 (2283 turns).

Exodus22XD the Poker (Demonspawn Gladiator)         Turns: 2283, Time: 00:02:29

Health: -2/33      AC:  7    Str: 11    XL:     4   Next: 56%
Magic:  4/4        EV: 10    Int: 10    God:
Gold:   81         SH:  0    Dex: 14    Spells: 3/3 levels left

rFire    . . .     SeeInvis .   a - +0 trident
rCold    . . .     Gourm    .   (no shield)
rNeg     . . .     Faith    .   e - +0 scale mail
rPois    .         Spirit   .   c - +0 helmet
rElec    .         Reflect  .   (no cloak)
rCorr    .         Harm     .   (no gloves)
MR       .....                  (no boots)
Stlth    +.........             (no amulet)
HPRegen  0.11/turn              l - -4 ring of strength (curse)
MPRegen  0.09/turn              (no ring)

@: no status effects
A: talons 1, nightstalker 1
a: no special abilities


You were on level 2 of the Dungeon.
You were not hungry.

You visited 1 branch of the dungeon, and saw 2 of its levels.

You collected 81 gold pieces.

Inventory:

Hand Weapons
 a - a +0 trident (weapon)
Missiles
 d - 3 throwing nets (quivered)
Armour
 b - a +0 leather armour
 c - a +0 helmet (worn)
 e - a +0 scale mail (worn)
Jewellery
 l - a cursed -4 ring of strength (left hand)
 q - an uncursed ring of poison resistance {unknown}
Scrolls
 h - 2 scrolls of immolation {unknown}
 i - 5 scrolls of identify {unknown}
 j - a scroll of fog {unknown}
 m - a scroll of enchant weapon {unknown}
 n - a scroll of teleportation {unknown}
 o - 2 scrolls of remove curse {unknown}
 r - a scroll of fear {unknown}
Potions
 g - a potion of haste {unknown}
 p - a potion of brilliance {unknown}
Comestibles
 f - 5 rations


   Skills:
 + Level 2.1 Fighting
 + Level 4.0 Polearms
 - Level 1.7 Throwing
 + Level 1.0 Armour
 + Level 3.4 Dodging
 + Level 0.4 Stealth


You had 3 spell levels left.
You didn't know any spells.
Your spell library was empty.

Dungeon Overview and Level Annotations

Branches:
Dungeon (2/15)

Altars:
Gozag
Yredelemnul

Annotations:
D:2 Crazy Yiuf


Innate Abilities, Weirdness & Mutations

You have sharp toenails.
You are slightly more attuned to the shadows.


Message History

There is an open door here.
There is an open door here.
There is an open door here.
There is an open door here.
Eating a chunk of flesh.
You eat the chunk of flesh.
This raw flesh tastes terrible.
You see here a +0 club.
You see here a cursed -1 club.
There is an open door here.
Crazy Yiuf shouts!
You open the door. You hit Crazy Yiuf.
Crazy Yiuf is lightly wounded.
Crazy Yiuf hits you with a +3 quarterstaff of chaos!
Crazy Yiuf burns you.
You puncture Crazy Yiuf! You claw Crazy Yiuf.
Crazy Yiuf is severely wounded.
Crazy Yiuf hits you but does no damage.
You are electrocuted!!
Ouch! That really hurt!
You die...

#..##.#..........
#.....#..........
#.>...#..........
#########........
#........
#######........ ###
###.#..#.........
#...##..#.PP....######
#...g@####PP....#
#)..### ##.#..## ###
######


You could see Crazy Yiuf.

Vanquished Creatures
  4 adders (D:2)
  3 dart slugs
  3 leopard geckos
  6 bats
  2 giant cockroaches (D:2)
  5 goblins
  10 hobgoblins
  A ball python (D:1)
  4 frilled lizards (D:2)
  14 kobolds
  A quokka zombie (D:2)
  7 rats
60 creatures vanquished.

Vanquished Creatures (others)
  A plant (D:2)
1 creature vanquished.

Grand Total: 61 creatures vanquished

Notes
Turn   | Place    | Note
-------+----------+-------------------------------------------
     0 | D:1      | Exodus22XD the Demonspawn Gladiator began the quest for the
                  | Orb.
     0 | D:1      | Reached XP level 1. HP: 16/16 MP: 1/1
   183 | D:1      | Gained mutation: You are slightly more attuned to the
                  | shadows. [demonic ancestry]
   183 | D:1      | Reached XP level 2. HP: 22/22 MP: 2/2
   556 | D:1      | Reached skill level 3 in Polearms
  1010 | D:1      | Gained mutation: You have sharp toenails. [demonic
                  | ancestry]
  1010 | D:1      | Reached XP level 3. HP: 22/27 MP: 3/3
  1257 | D:2      | Found a basalt altar of Yredelemnul.
  1343 | D:2      | Found an opulent altar of Gozag.
  1500 | D:2      | Found a runed translucent door.
  1501 | D:2      | Noticed Crazy Yiuf
  1553 | D:2      | Reached XP level 4. HP: 30/33 MP: 4/4
  1832 | D:2      | Reached skill level 1 in Armour
  2074 | D:2      | Reached skill level 4 in Polearms
  2283 | D:2      | Slain by Crazy Yiuf

Illustrated notes

Levels and vault maps discovered:
D:1:      dpeg_arrival_arbitrary_a, layout_rooms
D:2:      minmay_chambers_of_ones, layout_basic, lemuel_doored_altar,
          nicolae_overflow_crystal_walls, first_ration, lexackson_kobold_supper,
          uniq_crazy_yiuf_cottage

Skill      XL: |  1  2  3  4 |
---------------+-------------+-----
Dodging        | 3 |  3.4
Polearms       | 3 4 |  4.0
Armour         | 1 |  1.0
Fighting       | |  2.1
Throwing       | |  1.7
Stealth        | |  0.4

Action                   |  1- 3 |  4- 6 || total
-------------------------+-------+-------++-------
Melee: Trident           |   154 |    54 ||   208
       Kick              |     9 |    12 ||    21
 Stab: Sleeping          |     1 |     1 ||     2
  Eat: Chunk             |     2 |     3 ||     5
Armor: Scale mail        |    80 |    12 ||    92
       Leather armour    |     2 |       ||     2
Dodge: Dodged            |    80 |    18 ||    98
